 Dungeon Crawl Stone Soup version 0.31-a0-455-g1a7b003ef0 (webtiles) character file.

Game seed: 13292350236691413550

1515 jasper the Mimic (level 8, 0/59 HPs)
             Began as a Pale Draconian Shapeshifter on Aug 3, 2023.
             Was a High Priest of Ignis.
             Slain by an orc warrior
             ... wielding a +0 dire flail
              (19 damage)
             ... on level 6 of the Dungeon.
             The game lasted 00:08:50 (4677 turns).

jasper the Mimic (Pale Draconian Shapeshifter)      Turns: 4677, Time: 00:08:50

Health: 0/59       AC:  6    Str: 18    XL:     8   Next: 53%
Magic:  8/8        EV: 12    Int:  8    God:    Ignis [*****.]
Gold:   265        SH:  0    Dex: 14    Spells: 4/7 levels left

rFire   + .          .
                       - Unarmed
rCold   . . .        (no shield)
rNeg    . . .        (body armour unavailable)
rPois   .            (helmet currently unavailable)
rElec   .            (cloak currently unavailable)
rCorr   .            (gloves currently unavailable)
SInv    .            (boots currently unavailable)
Will    .....        p - amulet of the acrobat
Stlth   +            (no ring)
HPRegen 0.29/turn    (no ring)
MPRegen 0.11/turn

%: acrobat
@: short of breath, beast-form
A: beast (slay +6), breathe steam, AC +6, unfitting armour, cold-blooded, steam
resistance
a: Breathe Steam, Begin Untransformation, Renounce Religion, Fiery Armour,
Foxfire Swarm, Rising Flame


You were on level 6 of the Dungeon.
You worshipped Ignis.
Ignis was extremely pleased with you.
You were a hulking beast.
You visited 1 branch of the dungeon, and saw 6 of its levels.

You collected 265 gold pieces.

Inventory:

Hand Weapons
 d - a +1 sling of electrocution
 A - the +11 Singing Sword {sonic wave}
   (You found it on level 6 of the Dungeon)
Missiles
 e - 3 poisoned darts (quivered)
 m - 27 stones
 u - 2 silver javelins
 v - 4 curare-tipped darts
Armour
 o - a +0 pair of boots
 y - a +0 pair of boots
Jewellery
 p - an amulet of the acrobat (around neck)
Talismans
 b - a beast talisman (active)
Wands
 r - a wand of polymorph (9)
Scrolls
 c - a scroll of poison
 f - 3 scrolls of immolation
 g - 2 scrolls of fear
 j - 4 scrolls of teleportation
 q - a scroll of enchant armour {unknown}
Potions
 a - 2 potions of lignification
 h - 2 potions of attraction
 i - 4 potions of curing
 k - a potion of invisibility
 l - a potion of magic
 n - a potion of might
 s - 2 potions of degeneration
 t - 2 potions of ambrosia {unknown}
 w - a potion of enlightenment {unknown}
 z - a potion of haste {unknown}
Miscellaneous
 x - a lightning rod (4/4)


   Skills:
 - Level 1.1 Fighting
 - Level 1.7 Dodging
 - Level 3.0 Unarmed Combat
 + Level 9.5 Shapeshifting


You had 4 spell levels left.
You knew the following spells:

 Your Spells              Type           Power      Damage    Failure   Level
a - Mephitic Cloud        Conj/Pois/Air  0%         N/A       78%         3

Your spell library contained the following spells:

 Spells                   Type           Power      Damage    Failure   Level
 Magic Dart               Conj           0%         1d3       41%         1
 Call Imp                 Summ           0%         N/A       54%         2


Dungeon Overview and Level Annotations

Branches:
Dungeon (6/15)
 Temple: D:4-7

Altars:
Makhleb
Ru
Sif Muna
Wu Jian
Yredelemnul
Ignis

Annotations:
D:4 4 runed translucent doors


Innate Abilities, Weirdness & Mutations

You are a hulking beast.
Your limbs bulge with bestial killing power. (Slay +6)
You can breathe blasts of scalding, opaque steam.
Your pale cyan-grey scales are hard. (AC +6)
You cannot fit into any form of body armour.
You are cold-blooded and may be slowed by cold attacks.
You are immune to the effects of steam.


Message History

The orc warrior is moderately wounded.
The orc wizard gestures wildly while chanting.
The orc wizard flickers and vanishes!
Deactivating autopickup; reactivate with Ctrl-A.
The orc warrior is engulfed in a cloud of scalding steam.
The orc warrior closely misses you.
You hit the orc warrior.
The orc warrior is moderately wounded.
The orc warrior misses you.
You hit the orc warrior.
The orc warrior is heavily wounded.
You hit the orc warrior.
Your tail-slap misses the orc warrior.
The orc warrior is severely wounded.
Something hits you but does no damage. The orc warrior closely misses you.
You barely miss the orc warrior. You tail-slap the orc warrior.
The orc warrior is severely wounded.
The orc closely misses you. Something hits you but does no damage.
The orc warrior hits you with a +0 dire flail!
You take 12 damage, and have 35/59 hp.
MASSIVE DAMAGE!!
You barely miss the orc warrior.
The orc warrior is severely wounded.
Something hits you. The orc hits you but does no damage.
The orc warrior closely misses you.
You take 2 damage, and have 33/59 hp.
You hit the orc warrior.
You tail-slap the orc warrior, but do no damage.
The orc warrior is severely wounded.
The orc hits you but does no damage. Something hits you.
The orc warrior hits you but does no damage.
You take 2 damage, and have 31/59 hp.
You hit the orc warrior. You tail-slap the orc warrior.
The orc warrior is almost dead.
Something hits you. The orc hits you but does no damage.
The orc warrior hits you with a +0 dire flail.
You take 8 damage, and have 23/59 hp.
You hit the orc warrior.
The orc warrior is almost dead.
Something hits you but does no damage. The orc hits you with a +0 short sword.
The orc warrior hits you with a +0 dire flail!!
You die...

#....
#...#####
'........
#........
#........
#)..... #o{.#
#.######ho.#
#>.........###
#..####......#
#............#
....#.#......#
#.#.#.#......#
..<.........#
...###......#
.....#......#


You could see an orc warrior and an orc.

Vanquished Creatures
  Sigmund (D:2)
  A steam dragon (D:4)
  An ice beast (D:5)
  A black bear (D:5)
  An ogre (D:5)
  A centaur (D:5)
  2 phantoms
  A kobold brigand (D:4)
  A gnoll sergeant (D:6)
  2 scorpions
  A hound (D:6)
  A jelly (D:5)
  3 iguanas
  3 orc wizards
  A sleepcap (D:5)
  10 gnolls
  4 adders
  A white imp (D:5)
  An ufetubus (D:5)
  2 worms
  3 dart slugs
  14 orcs
  9 endoplasms
  6 giant cockroaches
  7 goblins
  3 hobgoblins
  9 kobolds
  2 quokkas (D:1)
  3 ball pythons
  4 bats
  4 rats
103 creatures vanquished.

Notes
Turn   | Place    | Note
-------+----------+-------------------------------------------
     0 | D:1      | jasper the Draconian Shapeshifter began the quest for the
                  | Orb.
     0 | D:1      | Reached XP level 1. HP: 16/16 MP: 1/1
   225 | D:1      | Found a faded altar of an unknown god.
   232 | D:1      | Prayed at the altar of an unknown god.
   232 | D:1      | Became a worshipper of Ignis, the Dying Flame
   519 | D:1      | Reached XP level 2. HP: 23/23 MP: 2/2
  1345 | D:2      | Reached XP level 3. HP: 25/28 MP: 3/3
  1484 | D:2      | Reached skill level 4 in Shapeshifting
  1598 | D:2      | Noticed Sigmund
  1628 | D:2      | Killed Sigmund
  1629 | D:2      | Reached skill level 5 in Shapeshifting
  1629 | D:2      | Reached XP level 4. HP: 35/35 MP: 4/4
  1629 | D:2      | Reached XP level 5. HP: 40/40 MP: 5/5
  2144 | D:3      | Found a shimmering blue altar of Sif Muna.
  2295 | D:3      | Found a sacrificial altar of Ru.
  2584 | D:3      | Found a burning altar of Makhleb.
  2634 | D:3      | Reached skill level 6 in Shapeshifting
  2634 | D:3      | Reached XP level 6. HP: 42/47 MP: 6/6
  2674 | D:3      | Found a basalt altar of Yredelemnul.
  2784 | D:3      | Found an ornate altar of the Wu Jian Council.
  2929 | D:4      | Found a large runed translucent door.
  2931 | D:4      | Found a large runed translucent door.
  2968 | D:4      | Noticed a steam dragon
  3625 | D:4      | Found a large runed translucent door.
  3625 | D:4      | Found a large runed translucent door.
  3663 | D:4      | Reached skill level 7 in Shapeshifting
  3663 | D:4      | Your scales start taking on a pale cyan-grey colour.
  3663 | D:4      | Reached XP level 7. HP: 41/52 MP: 7/7
  3663 | D:4      | Gained mutation: You are immune to the effects of steam.
                  | [Pale Draconian growth]
  3796 | D:4      | Killed a steam dragon
  3885 | D:5      | Entered Level 5 of the Dungeon
  3965 | D:5      | Reached skill level 8 in Shapeshifting
  3979 | D:5      | Reached XP level 8. HP: 36/59 MP: 8/8
  3981 | D:5      | Reached skill level 9 in Shapeshifting
  4169 | D:5      | Learned a level 3 spell: Mephitic Cloud
  4653 | D:6      | Found the +11 Singing Sword {sonic wave}
  4677 | D:6      | Slain by an orc warrior

Illustrated notes

Levels and vault maps discovered:
D:1:      mrwooster_arrival_statue, layout_basic,
          hellmonk_ecumenical_altar_blasted, serial_co_window_serial,
          co_window_paths_a, co_window_paths_b, co_window_paths_b,
          co_window_paths_a, co_window_of_opportunity_a, co_window_paths_b,
          co_window_paths_b, co_window_corner_ca, co_window_2corner,
          co_window_2corner, co_window_4corner_a, co_window_paths_e,
          glass_columns_a
D:2:      layout_loops_corners, uniq_sigmund
D:3:      layout_basic, nicolae_ru_great_annihilating_truth,
          nicolae_overflow_quartered_altars
D:4:      layout_gridville, minmay_hollow_rounded_squares
D:5:      layout_gridville
D:6:      layout_basic, gammafunk_temple_overflow_wave,
          minmay_temple_entry_fiery, minmay_misc_feat_more_columns

Skill      XL: |  1  2  3  4  5  6  7  8 |
---------------+-------------------------+-----
Shapeshifting  | 5 6 7 8 9 |  9.5
Fighting       | |  1.1
Dodging        | |  1.7
Unarmed Combat | |  3.0

Action                     |  1- 3 |  4- 6 |  7- 9 || total
---------------------------+-------+-------+-------++-------
  Melee: Unarmed           |    82 |    37 |    66 ||   185
         Tailslap          |     8 |     5 |    11 ||    24
         Punch             |       |     1 |     1 ||     2
   Fire: Sling             |       |    72 |       ||    72
  Throw: Dart              |       |     6 |     5 ||    11
 Invoke: Fiery Armour      |     1 |       |       ||     1
Ability: Breathe Steam     |       |       |     8 ||     8
  Evoke: Wand              |       |     3 |       ||     3
         Lightning rod     |       |       |     4 ||     4
    Use: Scroll            |     5 |     8 |       ||    13
         Potion            |     1 |       |       ||     1
   Stab: Sleeping          |     4 |     1 |     1 ||     6
 Armour: Skin              |    25 |    24 |    23 ||    72
  Dodge: Dodged            |    30 |    57 |    66 ||   153

Table legend: (Time is in decaauts)
 A = Elapsed time spent in this place.
 B = Non-inter-level travel time spent in this place.
 C = Inter-level travel time spent in this place.
 D = Time resting spent in this place.
 E = Time spent auto-exploring this place.
 F = Levels seen in this place.
 G = Mean time per level.
                   A        B        C        D        E       F      G
               +--------+--------+--------+--------+--------+-----+--------+
         Total |   4693 |   4498 |    195 |    136 |   3588 |   6 |  782.2 |
       Dungeon |   4693 |   4498 |    195 |    136 |   3588 |   6 |  782.2 |
               +--------+--------+--------+--------+--------+-----+--------+

Top non-repeatable levels by time:
     D:4: 1038 daAuts
     D:1: 1036 daAuts
     D:2: 1001 daAuts
     D:3: 828 daAuts
     D:5: 636 daAuts
     D:6: 152 daAuts
